 Dungeon Crawl Stone Soup version 0.29.1-13-g9f3cf754e1 (webtiles) character file.

Game seed: 10734200740292365352

392 Ayven the Ruffian (level 6, 0/72 HPs)
             Began as a Draconian Transmuter on Feb 9, 2023.
             Was an Elder of Lugonu.
             Slain by a gnoll
             ... wielding a +0 spear
             ... led by a gnoll bouda
              (1 damage)
             ... on level 4 of the Dungeon.
             The game lasted 00:24:31 (3852 turns).

Ayven the Ruffian (Draconian Transmuter)            Turns: 3852, Time: 00:24:31

Health: 0/72       AC: 23    Str: 15    XL:     6   Next: 51%
Magic:  11/11      EV:  2    Int: 13    God:    Lugonu [****..]
Gold:   159        SH:  0    Dex: 11    Spells: 0/11 levels left

rFire   . . .      SeeInvis .     - Unarmed
rCold   . . .      Faith    .   (no shield)
rNeg    . . .      Spirit   .   (body armour unavailable)
rPois   +          Reflect  .   (helmet currently unavailable)
rElec   .          Harm     .   (cloak currently unavailable)
rCorr   .          Rampage  .   (gloves currently unavailable)
Will    +....      NoTele   +   (boots currently unavailable)
Stlth   +.........              (no amulet)
HPRegen 0.22/turn               h - ring of willpower
MPRegen 0.12/turn               r - ring of flight

@: tree-form, weakened
A: stationary, stasis, torment immunity, boosted hp, AC +6, unfitting armour,
(cold-blooded)
a: Renounce Religion, Depart the Abyss, Bend Space, Banish, Corrupt


You were on level 4 of the Dungeon.
You worshipped Lugonu.
Lugonu was greatly pleased with you.
You were a tree.
You visited 1 branch of the dungeon, and saw 4 of its levels.

You collected 159 gold pieces.

Inventory:

Armour
 c - a scarf of resistance (melded)
Jewellery
 h - a ring of willpower (left branch)
 r - a ring of flight (right branch)
Scrolls
 b - a scroll of noise
 f - a scroll of brand weapon
 g - 3 scrolls of enchant weapon
 k - a scroll of teleportation {unknown}
 m - a scroll of vulnerability {unknown}
 o - a scroll of amnesia {unknown}
 q - a scroll of butterflies {unknown}
 s - 2 scrolls of fear {unknown}
 u - a scroll of identify
Potions
 d - a potion of flight {unknown}
 e - a potion of brilliance {unknown}
 i - a potion of invisibility {unknown}
 j - 2 potions of heal wounds
 l - a potion of berserk rage {unknown}
 n - a potion of curing {unknown}
 p - a potion of might {unknown}
 t - 2 potions of magic


   Skills:
 + Level 1.7 Fighting
 + Level 2.9 Dodging
 - Level 0.2 Stealth
 + Level 5.2 Unarmed Combat
 + Level 3.4 Spellcasting
 + Level 3.4 Transmutations


You couldn't memorise any spells.
You knew the following spells:

 Your Spells              Type           Power      Damage    Failure   Level
a - Beastly Appendage     Tmut           22%        N/A       5%          1
b - Spider Form           Tmut/Pois      6%         N/A       32%         3
c - Swiftness             Air            2%         N/A       54%         3
d - Ice Form              Ice/Tmut       6%         N/A       73%         4

Your spell library contained the following spells:

 Spells                   Type           Power      Damage    Failure   Level
 Wereblood                Tmut           11%        N/A       9%          2
 Passwall                 Tmut/Erth      5%         N/A       17%         2
 Blink                    Tloc           4%         N/A       32%         2
 Ensorcelled Hibernation  Hex/Ice        4%         N/A       32%         2
 Lesser Beckoning         Tloc           2%         N/A       54%         3
 Manifold Assault         Tloc           2%         N/A       99%         5


Dungeon Overview and Level Annotations

Branches:
Dungeon (4/15)
 Temple: D:4-7

Altars:
Lugonu


Innate Abilities, Weirdness & Mutations

You are a tree.
Your roots penetrate the ground, keeping you stationary.
You cannot be teleported.
You are immune to unholy pain and torment.
Your maximum health is greatly increased.
Your equipment is partially melded.
((Your plain brown scales are hard. (AC +6)))
You cannot fit into any form of body armour.
((You are cold-blooded and may be slowed by cold attacks.))


Message History

The gnoll hits you from afar with a +0 spear.
* * * LOW HITPOINT WARNING * * *
The gnoll bouda gazes fiercely through you!
You feel your attacks grow feeble. The gnoll bouda closely misses you.
You completely miss the gnoll bouda.
The gnoll bouda is severely wounded.
The gnoll is no longer moving quickly.
The gnoll hits you from afar with a +0 spear.
* * * LOW HITPOINT WARNING * * *
The gnoll bouda barks out a call to the hunt!
The gnoll picks up the pace!
You hit the gnoll bouda.
The gnoll bouda is almost dead.
The gnoll completely misses you.
The gnoll bouda hits you with a +0 club.
* * * LOW HITPOINT WARNING * * *
Really quaff the potion of lignification? [Y]es or [N]o only, please.
Really quaff the potion of lignification?
You turn into a tree.
Your scarf of resistance melds into your body.
You feel hot and cold all over.
Your roots penetrate the ground.
The gnoll hits you from afar with a +0 spear.
* * * LOW HITPOINT WARNING * * *
The gnoll bouda gazes fiercely through you!
You feel as though you will be weak longer.
The gnoll bouda hits you but does no damage.
You hit the gnoll bouda.
You kill the gnoll bouda!
Lugonu accepts your kill. The gnoll hits you but does no damage.
The gnoll barely misses you. The gnoll hits you but does no damage.
The gnoll hits you but does no damage. The gnoll hits you but does no damage.
The gnoll hits you from afar with a +0 spear.
* * * LOW HITPOINT WARNING * * *
The gnoll hits you from afar with a +0 spear.
You die...

##..###..###
## ####..##
...#
.###.....##
..## .
..........##
...# ##..
...####....##
..###.... ..##
##....##
....... .##
##....###....#
.#
##....##.[.#
.. ##....#♣#
.## ##..g).#
.. ##...#.#
#..###.##
...## .. ##
... ###. #. #.
#.. .. ...##


You could see a gnoll (swift).

Vanquished Creatures
  A phantom (D:4)
  A jelly (D:4)
  A gnoll bouda (D:4)
  Ijyb (D:3)
  3 iguanas (D:4)
  An orc wizard (D:3)
  2 gnolls (D:4)
  An adder (D:4)
  A worm (D:3)
  4 dart slugs
  3 orcs (D:3)
  5 bats
  7 endoplasms
  4 giant cockroaches
  12 goblins
  8 hobgoblins
  10 kobolds
  3 quokkas
  11 ball pythons
  2 frilled lizards (D:1)
  12 rats
  A spectral goblin (D:1)
94 creatures vanquished.

Vanquished Creatures (others)
  2 plants (D:1)
2 creatures vanquished.

Grand Total: 96 creatures vanquished

Notes
Turn   | Place    | Note
-------+----------+-------------------------------------------
     0 | D:1      | Ayven the Draconian Transmuter began the quest for the Orb.
     0 | D:1      | Reached XP level 1. HP: 16/16 MP: 3/3
   193 | D:1      | Reached XP level 2. HP: 23/23 MP: 1/5
   443 | D:1      | Found a faded altar of an unknown god.
   455 | D:1      | Prayed at the altar of an unknown god.
   455 | D:1      | Became a worshipper of Lugonu the Unformed
   455 | D:1      | Reached * piety under Lugonu
   455 | D:1      | Reached ** piety under Lugonu
   806 | D:1      | Reached XP level 3. HP: 28/28 MP: 3/6
  1476 | D:2      | Reached *** piety under Lugonu
  1940 | D:3      | Learned a level 3 spell: Spider Form
  1964 | D:3      | Learned a level 3 spell: Swiftness
  2008 | D:3      | Reached XP level 4. HP: 35/35 MP: 5/7
  2329 | D:3      | Reached skill level 4 in Unarmed Combat
  2768 | D:3      | Noticed Ijyb
  2807 | D:3      | Killed Ijyb
  2808 | D:3      | Reached XP level 5. HP: 8/40 MP: 9/9
  3222 | D:4      | Noticed a phantom
  3257 | D:4      | Killed a phantom
  3335 | D:4      | Reached XP level 6. HP: 44/47 MP: 8/10
  3518 | D:4      | Reached **** piety under Lugonu
  3527 | D:4      | Reached skill level 5 in Unarmed Combat
  3538 | D:4      | Learned a level 4 spell: Ice Form
  3844 | D:4      | HP: 1/48 [gnoll bouda/+0 club (5)]
  3851 | D:4      | HP: 1/72 [gnoll/+0 spear[a gnoll bouda] (1)]
  3852 | D:4      | Slain by a gnoll

Illustrated notes

Levels and vault maps discovered:
D:1:      zelgadis_glass_arrival_small, layout_loops_ring,
          dreamdust_ecumenical_altar_drowned_temple, serial_forest,
          infiniplex_forest_lined_3_way, infiniplex_forest_3_way,
          infiniplex_forest_end_2, infiniplex_forest_clump_cross,
          infiniplex_forest_lined_corner, infiniplex_forest_clump_small,
          infiniplex_forest_clump_double, infiniplex_forest_end_2,
          infiniplex_forest_lined_1
D:2:      layout_loops_ring
D:3:      layout_basic, uniq_ijyb
D:4:      layout_layer_cave

Skill      XL: |  1  2  3  4  5  6 |
---------------+-------------------+-----
Dodging        | 2 |  2.9
Unarmed Combat | 4 5 |  5.2
Spellcasting   | 3 |  3.4
Transmutations | 3 |  3.4
Fighting       | |  1.7
Stealth        | |  0.2

Action                   |  1- 3 |  4- 6 || total
-------------------------+-------+-------++-------
Melee: Unarmed           |   130 |   137 ||   267
       Kick              |    27 |    14 ||    41
       Headbutt          |    15 |     7 ||    22
       Tailslap          |     8 |    10 ||    18
       Punch             |     3 |     5 ||     8
 Cast: Beastly Appendage |    43 |    23 ||    66
       Spider Form       |     1 |     3 ||     4
Invok: Bend Space        |     1 |       ||     1
  Use: Scroll            |       |     5 ||     5
       Potion            |       |     2 ||     2
 Stab: Sleeping          |     1 |       ||     1
Armor: Skin              |    38 |    38 ||    76
Dodge: Dodged            |    94 |    96 ||   190
